AoeStats
← Tylemaker

Four Lakes

510004458Analyzed
1v1 RM · 2d ago on Sep 29, 2026· 31m 38s· 2 players
Game mode
Random Map
Map size
Tiny (2 player)
Population
200
Speed
Normal
Resources
Standard
Victory
Conquest
Starting age
Dark Age
Ending age
Imperial Age
RankedLock teamsTeams togetherTeam positionsShared explorationLock speedFull tech treeHidden civsTurbo modeCheats
Victory
Defeat
🇨🇦 Danes · Canada
1223
+13
🇨🇱 Varangians · Chile
1166
-13
Sr.Piquete
4:07 Loom
12:04 Feudal Age
13:01 Double-Bit Axe
17:04 Castle Age
17:37 Bloodlines
17:59 Scale Barding Armor
18:06 Forging
18:49 Horse Collar
21:10 Wheelbarrow
22:02 Husbandry
27:07 Iron Casting
26:56 Chain Barding Armor
28:18 Hand Cart
Tylemaker
5:06 Loom
10:04 Feudal Age
11:30 Double-Bit Axe
13:04 Wheelbarrow
18:21 Castle Age
17:04 Scale Mail Armor
16:52 Arson
17:22 Gold Mining
18:47 Pikeman
19:27 Horse Collar
20:35 Bow Saw
20:54 Squires
21:36 Fletching
26:51 Chain Mail Armor
29:57 Forging
Connection lost

Rejoining the realm…

Still unreachable

The connection could not be restored.

Session expired

The server has moved on; the page needs a fresh start.